AoeStats
← Jyyx

Arabia

503128487Analyzed
1v1 RM · 1mo ago on Aug 30, 2026· 38m 1s· 2 players
Game mode
Random Map
Map size
Tiny (2 player)
Population
200
Speed
Normal
Resources
Standard
Victory
Conquest
Starting age
Dark Age
Ending age
Imperial Age
RankedLock teamsTeams togetherTeam positionsShared explorationLock speedFull tech treeHidden civsTurbo modeCheats
Victory
Defeat
🇱🇻 Maya · Latvia
871
+16
872
-16
Jyyx
0:33 Loom
9:55 Feudal Age
10:58 Double-Bit Axe
11:27 Gold Mining
14:20 Forging
15:22 Arson
15:39 Scale Mail Armor
17:19 Horse Collar
21:04 Wheelbarrow
26:27 Castle Age
28:06 Hand Cart
27:16 Crossbowman
28:15 Bow Saw
28:07 Heavy Plow
28:14 Squires
28:32 Thumb Ring
29:19 Ballistics
28:39 Pikeman
29:22 Fletching
30:08 Iron Casting
29:41 Padded Archer Armor
30:14 Bodkin Arrow
32:21 Iron Casting
32:02 Leather Archer Armor
39:30 Imperial Age
темный Шакал
3:03 Loom
4:16 Loom
4:20 Loom
11:16 Feudal Age
12:49 Horse Collar
13:15 Double-Bit Axe
18:27 Forging
18:49 Scale Barding Armor
21:54 Man-at-Arms
25:39 Castle Age
27:12 Wheelbarrow
29:20 Town Watch
33:18 Bloodlines
33:09 Husbandry
Connection lost

Rejoining the realm…

Still unreachable

The connection could not be restored.

Session expired

The server has moved on; the page needs a fresh start.